Map: Vigía EE

Players

PiscatorJosh - Winner!

  • Race: Zerg Zerg
  • Spawn Location: 5:00

Yuenanimous - Winner!

  • Race: Terran Terran
  • Spawn Location: 6:00

Aurace - Winner!

  • Race: Protoss Protoss
  • Spawn Location: 5:00

TATORREA

  • Race: Protoss Protoss
  • League: Gold
  • Spawn Location: 9:00

MrFercho

  • Race: Zerg Zerg
  • League: Gold
  • Spawn Location: 12:00

tigro

  • Race: Terran Terran
  • League: Bronze
  • Spawn Location: 9:00

VOD

Have the link to the VOD?

Description

Time

  • Played on: Aug. 21, 2020, 10 p.m.
  • Length: 13:16
Show
View Real Time Build Order
Export as new Build Order

PiscatorJosh Zerg - Winner!

Build Orders: Pool First, Lurkers, Roach Hydra 

Get SALT Encoding   

  12  0:00  Drone  
  13  0:08  Drone  
  14  0:15  Extractor, Drone  
  15  0:22  Overlord  
  15  0:41  Spawning Pool  
  15  0:42  Extractor  
  13  0:43  Drone  
  14  0:51  Drone x2  
  16  1:08  Drone  
  16  1:09  Drone  
  18  1:28  Zergling x2  
  18  1:31  Drone  
  20  1:43  Hatchery  
  19  1:55  Metabolic Boost  
  19  1:59  Drone x2  
  19  2:00  Drone  
  22  2:03  Extractor  
  22  2:07  Roach Warren  
  20  2:10  Queen  
  22  2:30  Overlord  
  22  2:49  Overlord  
  22  2:50  Drone x2  
  24  2:55  Queen  
  24  2:56  Drone  
  27  3:07  Drone  
  27  3:08  Drone  
  31  3:20  Drone  
  31  3:21  Drone x3  
  31  3:26  Evolution Chamber  
  34  3:29  Lair  
  32  3:35  Drone x2  
  32  3:39  Evolution Chamber  
  33  3:44  Spore Crawler  
  33  3:47  Drone  
  33  3:53  Overlord x2  
  33  3:58  Roach  
  33  4:01  Roach  
  37  4:06  Zerg Missile Weapons Level 1  
  37  4:17  Zerg Ground Armor Level 1  
  37  4:20  Roach  
  37  4:21  Roach  
  41  4:25  Drone  
  41  4:27  Drone x2  
  41  4:30  Drone  
  45  4:33  Drone  
  45  4:34  Drone  
  45  4:36  Ravager  
  48  4:39  Zergling x2  
  48  4:40  Zergling x2  
  50  4:53  Overlord  
  50  4:55  Drone x3  
  50  4:58  Extractor  
  52  5:00  Extractor, Drone x3  
  52  5:04  Glial Reconstitution  
  54  5:09  Hydralisk Den  
  54  5:11  Drone  
  54  5:19  Burrow  
  54  5:27  Drone x3  
  57  5:28  Drone  
  57  5:29  Drone x2  
  57  5:31  Drone  
  57  5:33  Roach x2  
  65  5:39  Grooved Spines  
  65  5:43  Lurker Den  
  65  5:44  Drone  
  65  5:57  Roach x2  
  67  6:22  Zerg Missile Weapons Level 2  
  67  6:23  Zerg Ground Armor Level 2  
  67  6:30  Overlord x3  
  66  6:48  Hydralisk x2  
  66  6:49  Hydralisk x3  
  66  6:52  Zergling x12  
  82  7:04  Spine Crawler  
  81  7:27  Roach x2  
  81  7:28  Overlord x5, Roach x2  
  89  7:41  Lurker  
  89  7:43  Lurker  
  89  7:44  Lurker  
  92  7:49  Zergling x2  
  92  7:50  Zergling x2  
  94  7:56  Overlord x2  
  94  8:04  Muscular Augments  
  94  8:09  Hatchery  
  93  8:15  Infestation Pit  
  93  8:16  Zergling x2  
  93  8:17  Zergling x12  
  86  8:45  Roach x9  
  70  9:26  Overlord x4  
  70  9:27  Hydralisk x2  
  70  9:28  Hydralisk x5  
  84  9:31  Queen  
  84  9:35  Drone  
  84  9:36  Drone  
  88  9:55  Hydralisk  
  88  9:56  Hydralisk x2  
  73  10:08  Hydralisk x3, Roach  
  73  10:09  Hydralisk x3, Roach x5  
  97  10:21  Lurker x3  
  100  10:25  Lurker  
  101  10:33  Overlord x2  
  101  10:36  Drone x4  
  105  10:43  Hive  
  101  10:53  Drone x3  
  101  10:54  Overlord, Hydralisk  
  101  10:55  Hydralisk x3  
  108  11:08  Drone x4  
  106  11:46  Roach x16  
  106  11:47  Roach  
  102  12:36  Roach x5  
  102  12:37  Roach x7  
Show
View Real Time Build Order
Export as new Build Order

Yuenanimous Terran - Winner!

Build Orders:  

Get SALT Encoding   

  12  0:00  SCV  
  13  0:12  SCV  
  14  0:19  Supply Depot  
  14  0:24  SCV  
  15  0:40  SCV  
  15  0:42  Barracks  
  16  0:48  Refinery  
  16  0:52  SCV  
  17  1:03  Barracks  
  17  1:06  SCV  
  18  1:18  SCV  
  19  1:30  SCV  
  19  1:32  Reaper  
  21  1:34  Supply Depot  
  21  1:43  Orbital Command  
  21  1:59  Barracks Reactor, Supply Depot  
  21  2:11  Barracks Tech Lab  
  21  2:21  SCV  
  22  2:32  Command Center  
  22  2:37  Stimpack  
  22  2:39  Marine  
  22  2:40  Marine  
  24  2:46  Marine  
  25  2:52  SCV, Refinery  
  26  3:00  Marine x2  
  26  3:04  SCV  
  29  3:06  Marine  
  30  3:22  Marine x2  
  30  3:24  Marine, SCV  
  33  3:39  Factory  
  33  3:40  Marine x2  
  35  3:41  Marine  
  36  3:52  SCV  
  36  3:54  Supply Depot  
  37  4:00  Marine  
  37  4:01  Barracks, Marine x2  
  40  4:04  Orbital Command, SCV  
  41  4:16  SCV  
  42  4:17  Supply Depot  
  42  4:20  Combat Shield, Marine  
  43  4:30  Starport  
  43  4:32  Factory Reactor  
  43  4:35  SCV  
  44  4:45  Engineering Bay  
  44  4:56  Marine  
  44  4:57  Marine x2  
  44  4:59  Barracks Reactor  
  47  5:03  SCV x2  
  49  5:15  Marine x3, SCV x2  
  49  5:18  Factory Reactor  
  49  5:20  Medivac x2  
  58  5:30  Missile Turret  
  58  5:33  Terran Infantry Weapons Level 1, SCV x2  
  60  5:35  Marine  
  60  5:36  Marine  
  60  5:40  Marine x2  
  60  5:41  Marine  
  65  5:50  SCV x2  
  67  6:01  Medivac, Marine  
  70  6:05  Supply Depot  
  70  6:07  Medivac, Marine x3  
  70  6:09  Supply Depot  
  75  6:17  Marine  
  76  6:19  Marine  
  76  6:24  Marine  
  78  6:26  Marine  
  79  6:51  Medivac x2  
  79  7:00  Marine x5  
  84  7:07  Supply Depot  
  84  7:13  SCV x2  
  86  7:17  Marine  
  86  7:18  Marine x2  
  86  7:19  Refinery  
  86  7:21  Medivac, Refinery  
  91  7:33  Marine x2  
  91  7:35  Terran Infantry Armor Level 1, Marine x2  
  95  7:38  Armory  
  95  7:48  Command Center, SCV x2  
  97  7:54  Medivac  
  97  7:55  Marine x3  
  102  8:00  Marine x2, SCV  
  102  8:01  SCV  
  105  8:13  Marine x3  
  91  8:26  Engineering Bay  
  79  8:31  Marine  
  79  8:32  Marine x4  
  79  8:33  Medivac x2  
  88  8:34  SCV x2  
  90  8:46  SCV  
  91  8:49  Marine  
  91  8:50  Marine x4  
  96  8:57  Terran Infantry Weapons Level 2  
  96  9:01  Barracks  
  96  9:06  Barracks  
  96  9:07  Marine x4  
  96  9:08  Marine  
  101  9:25  Barracks, Marine x3  
  101  9:30  SCV x2  
  101  9:31  Marine x2  
  108  9:42  Marine, SCV x2  
  108  9:43  Marine x2  
  113  9:48  Marine x2  
  113  9:50  Barracks Reactor  
  115  9:53  Terran Infantry Armor Level 2  
  115  9:55  Orbital Command  
  115  9:58  SCV x2  
  117  10:00  Marine  
  117  10:02  Barracks Reactor  
  117  10:03  Supply Depot  
  118  10:10  SCV x2  
  120  10:15  Marine  
  120  10:16  Marine x4  
  120  10:18  Marine  
  126  10:22  SCV  
  127  10:33  Marine x3  
  127  10:34  Marine x2  
  132  10:36  Marine  
  132  10:51  Marine x3  
  126  11:06  Marine x5  
  126  11:07  Marine x2  
  126  11:09  Marine x2  
  129  11:17  Medivac x2  
  132  11:19  SCV x3  
  132  11:23  Marine  
  132  11:24  Marine x3  
  132  11:25  Command Center  
  139  11:28  Barracks Reactor, Supply Depot  
  139  11:29  Marine x2  
  141  11:42  Marine  
  141  11:43  Marine  
  141  11:44  Marine x2, SCV  
  141  11:45  Marine  
  141  11:47  SCV  
  141  11:49  Medivac  
  128  12:43  Marine x11  
  139  12:45  Medivac x2  
  139  12:49  Supply Depot  
  135  12:52  Supply Depot  
Show
View Real Time Build Order
Export as new Build Order

Aurace Protoss - Winner!

Build Orders:  

Get SALT Encoding   

  12  0:02  Probe (Chrono Boost)  
  13  0:14  Probe (Chrono Boost)  
  14  0:20  Pylon  
  14  0:21  Probe  
  15  0:38  Probe  
  15  0:41  Assimilator  
  16  0:47  Gateway  
  16  1:15  Probe  
  17  1:38  Probe  
  18  1:42  Assimilator  
  18  1:47  Gateway  
  18  1:58  Probe  
  19  2:05  Nexus  
  19  2:10  Probe  
  19  2:32  Probe (Chrono Boost)  
  20  2:45  Pylon  
  20  2:49  Probe (Chrono Boost)  
  21  3:00  Probe  
  21  3:05  Cybernetics Core  
  22  3:21  Probe  
  23  3:29  Probe  
  24  3:36  Warp Gate (Chrono Boost)  
  24  3:37  Pylon  
  24  3:44  Probe x2  
  26  3:48  Twilight Council  
  26  3:53  Stalker x2  
  30  3:57  Probe x2  
  30  4:01  Assimilator  
  32  4:13  Forge, Probe x2  
  34  4:33  Stargate  
  34  4:34  Probe x2  
  36  4:40  Assimilator  
  36  4:49  Pylon  
  36  4:51  Probe x2  
  36  4:52  Pylon  
  38  5:01  Blink  
  38  5:04  Probe x2  
  40  5:17  Probe x2  
  42  5:23  Stalker  
  42  5:24  Stalker  
  46  5:33  Probe x2  
  48  5:39  Pylon  
  48  5:46  Fleet Beacon  
  48  5:56  Probe x2  
  48  6:03  Stalker  
  48  6:04  Stalker  
  28  6:54  Pylon  
  26  7:25  Stalker x2  
  30  7:30  Probe  
  31  7:40  Gateway x2  
  31  7:51  Probe  
  31  7:54  Protoss Ground Weapons Level 1 (Chrono Boost)  
  32  8:06  Probe  
  33  8:42  Pylon  
  31  9:03  Stalker x3  
  31  9:04  Stalker  
  37  9:32  Stalker x4  
  45  9:51  Nexus  
  27  10:37  Stalker x4  
  35  10:43  Protoss Ground Weapons Level 2 (Chrono Boost)  
  35  11:00  Protoss Air Weapons Level 1  
  35  11:29  Gateway  
  35  11:31  Charge (Chrono Boost)  
  33  12:15  Zealot  
  33  12:16  Zealot x3  
  23  12:58  Zealot x5  
Show
View Real Time Build Order
Export as new Build Order

TATORREA Protoss 

Build Orders:  

Get SALT Encoding   

  12  0:02  Probe  
  13  0:14  Probe  
  14  0:29  Pylon  
  14  0:36  Probe  
  15  0:48  Probe  
  16  0:59  Gateway  
  16  1:00  Probe  
  16  1:01  Gateway  
  17  1:12  Probe  
  17  1:14  Assimilator  
  18  1:25  Pylon, Probe  
  19  1:30  Pylon  
  19  1:36  Assimilator  
  19  1:37  Probe  
  20  1:49  Probe  
  21  2:01  Probe  
  22  2:04  Cybernetics Core  
  22  2:13  Probe  
  23  2:25  Probe  
  23  2:37  Probe  
  24  2:49  Nexus  
  24  2:50  Pylon  
  24  3:01  Warp Gate  
  24  3:03  Twilight Council  
  24  3:04  Adept  
  26  3:08  Adept  
  28  3:15  Pylon  
  28  3:32  Resonating Glaives (Chrono Boost)  
  28  3:34  Adept  
  28  3:38  Adept, Gateway  
  32  3:46  Probe  
  33  3:58  Probe  
  34  4:04  Adept  
  34  4:08  Adept  
  38  4:10  Probe x2  
  40  4:22  Probe x2  
  42  4:25  Adept  
  44  4:34  Probe x2  
  46  4:43  Stargate  
  46  4:46  Probe x2  
  46  4:51  Adept  
  46  4:52  Adept  
  52  5:04  Adept  
  54  5:13  Probe  
  54  5:14  Probe  
  56  5:19  Assimilator  
  56  5:23  Assimilator  
  56  5:26  Probe x2  
  56  5:28  Gateway  
  58  5:30  Gateway  
  58  5:32  Gateway  
  58  5:38  Probe x2  
  58  6:29  Probe x2  
  52  6:41  Probe x2  
  44  6:52  Void Ray  
  44  6:53  Probe x2  
  46  6:55  Blink (Chrono Boost)  
  50  7:02  Stalker x2  
  50  7:03  Stalker x4  
  50  7:05  Probe x2  
  64  7:17  Nexus  
  64  7:18  Pylon, Probe x2  
  64  7:20  Pylon  
  66  7:24  Pylon  
  66  7:27  Pylon  
  66  7:30  Probe x2  
  66  7:35  Stalker  
  66  7:36  Stalker  
  72  7:37  Stalker x2  
  72  7:38  Stalker, Pylon  
  72  7:39  Stalker  
  72  7:40  Void Ray  
  72  7:41  Pylon  
  72  7:42  Probe x2  
  72  7:44  Forge  
  82  7:46  Forge  
  86  7:54  Probe x2  
  88  8:06  Probe x2  
  88  8:11  Stalker  
  88  8:12  Stalker x4  
  100  8:18  Probe x2  
  94  8:39  Stalker  
  94  8:40  Stalker x3  
  94  8:41  Stalker x2  
  60  9:17  Stalker x2  
  60  9:18  Stalker x4  
  60  9:20  Void Ray, Protoss Ground Weapons Level 1 (Chrono Boost), Protoss Shields Level 1 (Chrono Boost)  
  76  9:42  Stalker x2  
  76  9:43  Stalker  
  76  9:45  Stalker  
  84  9:49  Stalker  
  84  9:50  Gateway  
  84  9:52  Gateway  
  86  9:54  Gateway  
  86  9:55  Gateway  
  86  9:57  Gateway  
  86  9:58  Stalker  
  86  9:59  Assimilator  
  88  10:00  Gateway  
  88  10:07  Assimilator  
  88  10:15  Stalker  
  88  10:16  Stalker x4  
  90  10:38  Stalker  
  90  10:39  Stalker  
  90  10:40  Stalker x4  
  68  11:17  Stalker x3  
  68  11:18  Stalker x3  
  70  11:19  Stalker x5  
  70  11:20  Stalker  
  70  11:50  Stalker x3  
  70  11:51  Stalker x4  
  70  11:52  Stalker x4  
  70  11:53  Stalker  
  70  12:29  Stalker x2  
  63  12:30  Stalker x4  
Show
View Real Time Build Order
Export as new Build Order

MrFercho Zerg 

Build Orders: Hatch First 

Get SALT Encoding   

  12  0:00  Drone  
  13  0:17  Overlord  
  13  0:25  Drone  
  14  0:35  Drone x2  
  16  0:53  Hatchery  
  16  0:55  Drone  
  16  0:58  Drone  
  17  1:06  Drone  
  18  1:15  Extractor  
  17  1:20  Spawning Pool  
  17  1:22  Drone  
  17  1:24  Drone  
  18  1:34  Drone  
  19  1:46  Overlord  
  19  1:54  Drone  
  20  2:09  Queen x2  
  20  2:10  Zergling x2  
  20  2:11  Zergling x2  
  26  2:24  Drone x2  
  26  2:29  Overlord  
  28  2:30  Drone  
  28  2:35  Metabolic Boost  
  29  2:37  Drone x2  
  31  2:48  Queen  
  33  2:57  Drone x2  
  35  3:02  Lair  
  35  3:04  Drone x2  
  37  3:09  Drone  
  37  3:24  Drone x2  
  37  3:25  Drone x4  
  37  3:26  Overlord  
  43  3:29  Extractor  
  43  3:30  Extractor  
  41  3:35  Baneling Nest  
  40  3:47  Drone x2  
  40  3:48  Drone x3  
  45  3:59  Evolution Chamber  
  45  4:00  Queen  
  46  4:08  Drone  
  46  4:09  Drone x3  
  51  4:10  Overlord, Drone  
  51  4:11  Overlord  
  51  4:21  Overseer x2  
  51  4:23  Spore Crawler  
  50  4:28  Spore Crawler  
  50  4:30  Drone  
  50  4:32  Drone  
  50  4:34  Zergling x4  
  50  4:35  Zergling x2  
  54  4:50  Centrifical Hooks  
  54  4:54  Hydralisk Den, Drone  
  54  5:15  Zerg Ground Armor Level 1  
  54  5:16  Zergling x2  
  54  5:17  Zergling x16  
  63  5:28  Muscular Augments  
  63  5:29  Overlord x2  
  63  5:40  Zergling x10  
  68  5:49  Hatchery  
  67  5:54  Nydus Network  
  66  6:08  Baneling  
  66  6:09  Baneling x10  
  66  6:14  Overlord  
  66  6:15  Zergling x10  
  71  6:29  Zergling x4  
  71  6:30  Zergling x4  
  75  6:39  Grooved Spines  
  69  6:57  Zergling x14  
  69  6:58  Zergling x4  
  60  7:23  Baneling  
  60  7:24  Baneling x17  
  60  7:29  Drone x12  
  72  7:31  Queen  
  72  7:36  Zerg Ground Armor Level 2  
  74  7:45  Extractor  
  74  7:48  Hydralisk Den  
  72  7:52  Hydralisk  
  72  7:58  Zergling x20  
  63  8:30  Queen  
  63  8:32  Hydralisk x4  
  73  8:35  Overlord  
  73  8:36  Overlord x2  
  73  8:41  Extractor  
  73  8:45  Extractor  
  73  8:46  Hydralisk  
  73  8:48  Zergling x2  
  74  9:06  Queen  
  60  9:24  Hydralisk  
  60  9:25  Hydralisk x7  
  60  9:28  Zergling x12  
  81  9:32  Overlord x3  
  81  9:50  Spine Crawler  
  81  9:52  Spine Crawler  
  56  10:03  Hydralisk x7  
  54  10:35  Zergling x2  
  54  10:36  Zergling x10, Lurker Den  
  42  11:01  Nydus Canal  
  39  11:12  Zergling x14  
  39  11:13  Zergling x6  
  42  11:45  Lurker x3  
  45  11:48  Zergling x10  
    12:47  Drone  
    12:48  Drone x4  
Show
View Real Time Build Order
Export as new Build Order

tigro Terran 

Build Orders:  

Get SALT Encoding   

  12  0:13  SCV  
  13  0:21  Supply Depot  
  13  0:25  SCV  
  14  0:37  SCV  
  15  0:44  Supply Depot  
  15  0:49  Barracks  
  15  0:52  SCV  
  16  0:58  Refinery  
  16  1:04  SCV  
  17  1:16  SCV  
  18  1:26  Refinery  
  18  1:28  SCV  
  19  1:38  Marine  
  20  1:40  SCV  
  21  1:52  SCV  
  22  1:56  Marine  
  23  2:04  SCV  
  23  2:08  Factory  
  24  2:14  Marine  
  25  2:32  Marine  
  25  2:37  Orbital Command  
  26  2:49  Marine  
  27  2:53  Factory Tech Lab  
  27  2:57  Engineering Bay  
  27  3:19  Barracks Tech Lab  
  27  3:20  Siege Tank  
  30  3:49  SCV  
  30  3:51  Command Center, Terran Infantry Weapons Level 1  
  30  3:52  Siege Tank  
  30  3:53  Combat Shield  
  34  3:57  Marine  
  35  4:15  Marine  
  36  4:29  SCV  
  37  4:33  Marine  
  38  4:41  SCV  
  39  4:51  Marine  
  40  4:53  SCV  
  41  5:05  SCV  
  41  5:06  SCV  
  43  5:09  Marine  
  43  5:12  Stimpack  
  43  5:13  Refinery  
  44  5:17  SCV  
  44  5:19  SCV  
  46  5:26  Marine, Missile Turret  
  47  5:31  SCV  
  48  5:43  SCV  
  48  5:44  Marine  
  48  5:46  Terran Infantry Armor Level 1, Missile Turret  
  50  5:55  SCV  
  51  6:02  Marine  
  51  6:03  Starport  
  52  6:07  SCV  
  52  6:08  Missile Turret  
  53  6:19  SCV  
  54  6:31  SCV  
  55  6:33  Missile Turret  
  55  6:42  Medivac  
  55  6:45  Armory, Marine  
  58  6:57  Refinery  
  58  7:02  Marine  
  58  7:05  Missile Turret  
  59  7:12  Medivac  
  61  7:20  Marine  
  50  7:32  SCV  
  51  7:38  Marine  
  51  7:39  Neosteel Armor  
  52  7:44  SCV  
  53  7:53  Fusion Core  
  53  7:56  Marine, SCV  
  55  8:08  SCV  
  56  8:14  Marine  
  56  8:15  Supply Depot  
  54  8:20  SCV  
  51  8:32  Marine  
  50  8:37  Supply Depot  
  50  8:43  Cyclone  
  53  8:50  Marine  
  53  8:53  Barracks  
  54  9:00  Medivac  
  56  9:08  Marine  
  55  9:15  Cyclone  
  58  9:20  Hi-Sec Auto Tracking  
  58  9:26  Marine  
  58  9:30  Medivac  
  60  9:44  Marine  
  57  9:47  Cyclone  
  60  10:01  Marine  
  56  10:12  Terran Vehicle Weapons Level 1  
  55  10:16  Terran Infantry Weapons Level 2  
  55  10:17  Weapon Refit  
  55  10:19  Marine  
  55  10:20  Cyclone  
  58  10:29  Command Center  
  58  10:37  Marine  
  59  10:52  Cyclone  
  55  10:57  Marine  
  55  11:02  Marine  
  56  11:15  Marine  
  53  11:20  Marine  
  53  11:24  Cyclone, Starport Tech Lab  
  57  11:33  Marine  
  57  11:38  Marine  
  55  11:51  Marine  
  54  11:56  Marine, Cyclone  
  54  11:57  Rapid Reignition System  
  54  12:00  Battlecruiser  
  62  12:09  Marine  
  62  12:13  Marine  
  64  12:26  Marine  
  64  12:28  Thor  
  67  12:31  Marine  
  66  12:44  Marine  
  66  12:49  Marine  
Tags
 
Add a new tag
Caveats
  • Supply blocks, unpowered buildings, or Contaminate may cause inaccurate times.
  • Supply counts are checked every 10 seconds.